 Dungeon Crawl Stone Soup version 0.30-a0-1043-g60ff8d5f49 (webtiles) character file.

Game seed: 6281231528918846592

4785 DeathPants the Tainter (level 10, -23/96 HPs)
             Began as a Naga Venom Mage on Apr 10, 2023.
             Was a Follower of Kikubaaqudgha.
             Killed from afar by an acid dragon (33 damage)
             ... with a splash of acid
             ... on level 8 of the Dungeon.
             The game lasted 00:28:45 (8290 turns).

DeathPants the Tainter (Naga Venom Mage)            Turns: 8290, Time: 00:28:45

Health: -23/96     AC:  9    Str: 13    XL:     10   Next: 47%
Magic:  11/19      EV: 27    Int: 18    God:    Kikubaaqudgha [*.....]
Gold:   362        SH:  0    Dex: 23    Spells: 11/21 levels left

rFire   + . .      SeeInvis +    b - +0 quarterstaff "Onioll" {spect, rF+ Dex+4}
rCold   . . .      Faith    .    (shield currently unavailable)
rNeg    . . .      Spirit   .    B - +0 steam dragon scales
rPois   +          Reflect  .    t - +0 helmet
rElec   .          Rampage  .    k - +2 cloak
rCorr   .                        (no gloves)
Will    +....                    (no barding)
Stlth   ++++                     u - amulet "Ymupuhinyi" {Acrobat Dex+2 Slay+3}
HPRegen 0.36/turn                E - ring of flight
MPRegen 0.16/turn                I - +6 ring of dexterity

@: acrobatic, flying, very slow
A: AC +3, large, see invisible, deformed body, poison resistance, slowness 2,
spit poison 1, naga tail 1
a: Spit Poison, Renounce Religion, Unearth Wretches


You were on level 8 of the Dungeon.
You worshipped Kikubaaqudgha.
Kikubaaqudgha was aware of your devotion.
You visited 2 branches of the dungeon, and saw 10 of its levels.
You also visited: Ossuary.

You collected 362 gold pieces.

Inventory:

Hand Weapons
 a - the +2 hand axe of the Voracious God {venom, Int+4 Dex+3 SInv}
   (You found it on level 2 of the Dungeon)

   Int:       It affects your intelligence (+4).
   Dex:       It affects your dexterity (+3).
   SInv:      It lets you see invisible.
 b - the +0 quarterstaff "Onioll" (weapon) {spect, rF+ Dex+4}
   (You found it on level 6 of the Dungeon)

   Dex:       It affects your dexterity (+4).
   rF:        It protects you from fire.
 m - a +1 war axe
 L - a +4 hand axe
Missiles
 p - 3 boomerangs
 r - 6 javelins
 z - 2 curare-tipped darts
 K - 3 poisoned darts
Armour
 k - a +2 cloak (worn)
 t - a +0 helmet (worn)
 B - +0 steam dragon scales (worn)
Jewellery
 e - a ring of fire
 n - a ring of ice
 u - the amulet "Ymupuhinyi" (around neck) {Acrobat Dex+2 Slay+3}
   (You found it on level 3 of the Dungeon)

   [amulet of the acrobat]

   It increases your evasion while moving and waiting.
   Dex:       It affects your dexterity (+2).
   Slay:      It affects your accuracy & damage with ranged weapons and melee
   (+3).
 E - a ring of flight (left hand)
 I - a +6 ring of dexterity (right hand)
Wands
 j - a wand of digging (5)
 v - a wand of light (10)
 y - a wand of flame (18)
Scrolls
 h - 3 scrolls of enchant weapon
 i - a scroll of amnesia
 l - 2 scrolls of poison
 G - a scroll of blinking
Potions
 c - 2 potions of brilliance
 d - a potion of attraction
 f - 3 potions of haste
 o - 3 potions of curing
 s - 2 potions of cancellation
 w - 3 potions of might
 x - a potion of ambrosia
 A - 2 potions of flight
 H - a potion of berserk rage {unknown}


   Skills:
 - Level 8.0 Fighting
 - Level 4.0 Dodging
 - Level 8.0 Stealth
 - Level 6.0 Spellcasting
 - Level 4.0 Conjurations
 - Level 1.0 Transmutations
 - Level 4.0 Air Magic
 + Level 9.9 Poison Magic


You had 11 spell levels left.
You knew the following spells:

 Your Spells              Type           Power      Damage    Failure   Level
a - Sting                 Tmut/Pois      100%       1d8       1%          1
b - Poisonous Vapours     Pois/Air       60%        N/A       1%          2
c - Mephitic Cloud        Conj/Pois/Air  26%        N/A       3%          3
d - Olgreb's Toxic Radia  Pois           41%        N/A       1%          4

Your spell library contained the following spells:

 Spells                   Type           Power      Damage    Failure   Level
 Necrotise                Necr           20%        1d5       12%         1
 Sublimation of Blood     Necr           5%         N/A       19%         2
 Call Canine Familiar     Summ           5%         N/A       34%         3
 Portal Projectile        Hex/Tloc       10%        N/A       34%         3
 Tukima's Dance           Hex            5%         N/A       34%         3
 Vampiric Draining        Necr           5%         2d6       34%         3
 Animate Dead             Necr           5%         N/A       75%         4
 Leda's Liquefaction      Hex/Erth       2%         N/A       75%         4
 Blade Hands              Tmut           4%         N/A       91%         5


Dungeon Overview and Level Annotations

Branches:
Dungeon (9/15)             Temple (1/1) D:7         Ossuary (visited)
   Lair: D:8-11         Orc: D:9-12

Altars:
Ashenzari
Cheibriados
Dithmenos
Elyvilon
Fedhas
Gozag
Hepliaklqana
Kikubaaqudgha
Nemelex Xobeh
Okawaru
Ru
Sif Muna
Trog
Uskayaw
Vehumet
Wu Jian
Xom
Zin

Annotations:
D:3 3 runed translucent doors, cforsyth's ghost, weakling OpSu; cheesebisquit's ghost, amateur AtFi
D:4 digging
D:7 digging


Innate Abilities, Weirdness & Mutations

Your serpentine skin is tough. (AC +3)
You have supernaturally acute eyesight. (SInv)
Armour fits poorly on your strangely shaped body.
Your system is resistant to poisons. (rPois)
You cover ground very slowly.
You can spit poison.
You have a snake-like lower body.


Message History

* * * LOW HITPOINT WARNING * * *
The centaur barely misses you.
You sock the centaur!
You kill the centaur!
Kikubaaqudgha accepts your kill.
The steam dragon closely misses you. x3; The steam dragon barely misses you.
You barely miss the steam dragon.
Your +0 quarterstaff "Onioll" {spect, rF+ Dex+4} hits the steam dragon but does no damage.
The steam dragon breathes steam at you. The ball of steam hits you. You resist.
* * * LOW HITPOINT WARNING * * *
You hear a roar!
You hear a croak.
You hit the steam dragon.
The steam dragon is lightly wounded.
Your +0 quarterstaff "Onioll" {spect, rF+ Dex+4} hits the steam dragon!
The steam dragon barely misses you. The steam dragon closely misses you.
You sock the steam dragon!
The steam dragon is severely wounded.
Your +0 quarterstaff "Onioll" {spect, rF+ Dex+4} hits the steam dragon.
The steam dragon breathes steam at you. The ball of steam misses you.
You completely miss the steam dragon.
The steam dragon is severely wounded.
Your +0 quarterstaff "Onioll" {spect, rF+ Dex+4} hits the steam dragon.
The steam dragon bites you.
* * * LOW HITPOINT WARNING * * *
The steam dragon closely misses you. The steam dragon barely misses you.
The steam dragon claws you.
* * * LOW HITPOINT WARNING * * *
You thump the steam dragon!
You kill the steam dragon!
Kikubaaqudgha accepts your kill.
Things that are here:
a +0 dagger; a +0 shortbow; a centaur corpse The acid dragon attacks as you move away!
The acid dragon misses you. The acid dragon barely misses you.
The acid dragon spits acid at you. The splash of acid hits you!!
You die...
Kikubaaqudgha rasps: "You have failed me!
Welcome... death!"

* *,* *,* ####. * *,* *,*
#.... * *,***************
#.### *,,,,,,>,,**,.,,**###.#
* ***********,,..,,*#...###
*,,,...,,###.##.
###,,...!..#..).#.
*****#######.#,,......#o...#)
*,,,,.......@#,,,.....D.....)
*,***#######D##,,.....).)..D.
*,* #......#*,..........†.
**,*****#.###)##*###§.........
****,,,,,,,,,*
#o####.D..........
,,,,,,********
#.†....o.......... ****,**
######............ *,*
#)........... *,*
*###$.........


You could see an acid dragon (catching breath) and an orc.

Vanquished Creatures
  A manticore (D:7)
  A wraith (Ossuary)
  Eustachio (D:5)
  6 steam dragons
  2 water moccasins
  3 ice beasts
  An orc warrior (D:6)
  A black bear (D:7)
  An ogre (D:6)
  3 centaurs
  A phantom (D:5)
  4 bullfrogs
  A gnoll sergeant (D:7)
  A kobold brigand (D:7)
  6 scorpions
  5 wights
  7 killer bees (D:8)
  4 jellies
  A human zombie (Ossuary)
  4 orc priests
  5 iguanas
  11 orc wizards
  Ijyb (D:4)
  3 mummies (Ossuary)
  Robin (D:3)
  6 gnolls
  4 adders
  A shadow imp (D:5)
  2 white imps (D:7)
  An ufetubus (D:5)
  A worm zombie (D:6)
  2 worms
  5 dart slugs
  25 orcs
  5 ball pythons
  5 endoplasms
  4 giant cockroaches
  15 goblins
  8 hobgoblins
  10 jackals
  7 kobolds
  2 bats (D:1)
  3 frilled lizards
  2 goblin zombies (Ossuary)
  3 hobgoblin zombies (Ossuary)
  4 kobold zombies (Ossuary)
  An orc zombie (Ossuary)
  4 rats
195 creatures vanquished.

Vanquished Creatures (others)
  5 dream sheep (D:5)
  A wight (D:8)
  An orc wizard (D:4)
  A white imp (D:8)
  A bush (D:8)
9 creatures vanquished.

Grand Total: 204 creatures vanquished

Notes
Turn   | Place    | Note
-------+----------+-------------------------------------------
     0 | D:1      | DeathPants the Naga Venom Mage began the quest for the Orb.
     0 | D:1      | Reached XP level 1. HP: 15/15 MP: 3/3
   394 | D:1      | Reached XP level 2. HP: 22/22 MP: 3/5
   451 | D:1      | Reached skill level 5 in Poison Magic
   454 | D:1      | Learned a level 2 spell: Poisonous Vapours
   735 | D:1      | Reached XP level 3. HP: 28/28 MP: 4/6
  1238 | D:2      | Learned a level 3 spell: Mephitic Cloud
  1287 | D:2      | Reached skill level 6 in Poison Magic
  1295 | D:2      | Found a faded altar of an unknown god.
  1345 | D:2      | Reached skill level 1 in Air Magic
  1410 | D:2      | Reached XP level 4. HP: 36/36 MP: 4/7
  1595 | D:2      | Identified the +2 hand axe of the Voracious God {venom,
                  | Int+4 Dex+3 SInv}
  2013 | D:3      | Noticed Robin
  2089 | D:3      | Reached XP level 5. HP: 42/42 MP: 5/8
  2102 | D:3      | Killed Robin
  2181 | D:3      | Found a runed translucent gate.
  2181 | D:3      | Found a runed translucent gate.
  2181 | D:3      | Found a runed translucent gate.
  2186 | D:3      | Noticed cheesebisquit's ghost (amateur AtFi)
  2186 | D:3      | Noticed cforsyth's ghost (weakling OpSu)
  2227 | D:3      | Identified the amulet "Ymupuhinyi" {Acrobat Dex+2 Slay+3}
  2685 | D:5      | Entered Level 5 of the Dungeon
  2699 | D:4      | Noticed Ijyb
  2701 | D:4      | Reached skill level 1 in Conjurations
  2703 | D:4      | Reached XP level 6. HP: 35/49 MP: 1/9
  2719 | D:4      | Killed Ijyb
  2982 | D:5      | Noticed Eustachio
  3075 | D:5      | Killed Eustachio
  3076 | D:5      | Reached XP level 7. HP: 34/55 MP: 2/10
  3228 | D:4      | Noticed a steam dragon
  3238 | D:4      | Killed a steam dragon
  3291 | D:4      | Learned a level 4 spell: Olgreb's Toxic Radiance
  3833 | D:6      | Found a sand-covered staircase.
  3857 | D:6      | Reached skill level 5 in Spellcasting
  3934 | Ossuary  | Entered an ossuary
  3934 | Ossuary  | Noticed a wraith
  3934 | Ossuary  | Noticed a wraith
  3934 | Ossuary  | Noticed a wraith
  3965 | Ossuary  | Reached XP level 8. HP: 62/62 MP: 15/15
  4331 | Ossuary  | Noticed a wraith
  4346 | Ossuary  | Killed a wraith
  4665 | D:6      | Identified the +0 quarterstaff "Onioll" {spect, rF+ Dex+4}
  4744 | D:5      | Noticed a dream sheep
  4744 | D:5      | Noticed a dream sheep
  4744 | D:5      | Noticed a dream sheep
  4744 | D:5      | Noticed a dream sheep
  4744 | D:5      | Noticed a dream sheep
  4744 | D:5      | Found a shimmering altar of Xom.
  4747 | D:5      | Killed a dream sheep
  4747 | D:5      | Killed a dream sheep
  4747 | D:5      | Killed a dream sheep
  4747 | D:5      | Killed a dream sheep
  4747 | D:5      | Killed a dream sheep
  6033 | D:6      | Reached XP level 9. HP: 75/78 MP: 15/18
  6110 | D:6      | Found a glowing silver altar of Zin.
  6322 | D:7      | Reached skill level 5 in Fighting
  6765 | D:7      | Found a shimmering blue altar of Sif Muna.
  6945 | D:7      | Noticed a manticore
  6961 | D:7      | Killed a manticore
  7311 | D:7      | Reached skill level 5 in Stealth
  7348 | D:7      | Found a staircase to the Ecumenical Temple.
  7361 | Temple   | Entered the Ecumenical Temple
  7368 | Temple   | Became a worshipper of Kikubaaqudgha
  7522 | D:8      | Reached XP level 10. HP: 86/96 MP: 19/19
  7549 | D:8      | Reached skill level 7 in Poison Magic
  7662 | D:8      | Reached * piety under Kikubaaqudgha
  7662 | D:8      | Received a gift from Kikubaaqudgha
  7929 | D:8      | Reached skill level 8 in Poison Magic
  8242 | D:8      | Reached skill level 9 in Poison Magic
  8290 | D:8      | Killed from afar by an acid dragon

Illustrated notes

Levels and vault maps discovered:
D:1:      eino_arrival_cavern_e, layout_basic, glass_columns_b,
          hangedman_decor_points, ebering_dispersal_statue_hall,
          dreamdust_princess_bridge, minmay_misc_feat_hallway
D:2:      layout_rooms, dreamdust_ecumenical_altar_grove, minmay_pentomino_r4
D:3:      layout_rooms, gammafunk_ghost_cemetery, uniq_robin
D:4:      layout_basic, due_unseen_surprise, uniq_ijyb
D:5:      nicolae_cairo_tiling_large, layout_basic, kb_xom_exploding_sheep,
          kennysheep_doodads, uniq_eustachio
D:6:      layout_basic, nicolae_overflow_hidden_temple, enter_ossuary_3
D:7:      layout_basic, nicolae_sif_muna_little_library, temple_green
D:8:      minmay_four_partial_circles, layout_loops_ring,
          kb_lookout_dungeons_type
D:9:      layout_loops_ring, erik_lair_orcish_takeover, david_orc_5,
          serial_shops, nicolae_diamond_shop
Temple:   minmay_freezing_vapour_temple

Skill      XL: |  1  2  3  4  5  6  7  8  9 10 |
---------------+-------------------------------+-----
Poison Magic   | 5 6 9 |  9.9
Air Magic      | 1 2 4 |  4.0
Conjurations   | 1 4 |  4.0
Spellcasting   | 5 6 |  6.0
Dodging        | 4 |  4.0
Fighting       | 3 8 |  8.0
Stealth        | 7 8 |  8.0
Transmutations | |  1.0

Action                     |  1- 3 |  4- 6 |  7- 9 | 10-12 || total
---------------------------+-------+-------+-------+-------++-------
  Melee: Short sword       |    52 |       |       |       ||    52
         War axe           |    17 |    13 |       |       ||    30
         Hand axe          |       |    82 |   150 |       ||   232
         Quarterstaff      |       |       |    82 |    36 ||   118
         Punch             |       |       |     2 |       ||     2
   Cast: Sting             |    38 |    11 |     8 |       ||    57
         Poisonous Vapours |       |    16 |    30 |     4 ||    50
         Mephitic Cloud    |       |     5 |     5 |     3 ||    13
         Olgreb's Toxic Ra |       |       |     6 |    11 ||    17
    Use: Scroll            |       |     4 |    11 |     9 ||    24
         Potion            |       |     1 |     1 |     2 ||     4
   Stab: Sleeping          |     2 |     3 |     9 |       ||    14
         Distracted        |       |     1 |     3 |     3 ||     7
         Confused          |       |       |     1 |       ||     1
 Armour: Robe              |    23 |    46 |     2 |       ||    71
         Steam dragon scal |       |       |    91 |    26 ||   117
  Dodge: Dodged            |    49 |    61 |   140 |    91 ||   341

Table legend: (Time is in decaauts)
 A = Elapsed time spent in this place.
 B = Non-inter-level travel time spent in this place.
 C = Inter-level travel time spent in this place.
 D = Time resting spent in this place.
 E = Time spent auto-exploring this place.
 F = Levels seen in this place.
 G = Mean time per level.
                   A        B        C        D        E       F      G
               +--------+--------+--------+--------+--------+-----+--------+
         Total |  10249 |   9946 |    303 |    872 |   6333 |  11 |  931.7 |
       Dungeon |   9480 |   9177 |    303 |    844 |   6149 |   9 | 1053.3 |
        Temple |     19 |     19 |      0 |      0 |      0 |   1 |   19.0 |
       Ossuary |    749 |    749 |      0 |     28 |    184 |   1 |  749.0 |
               +--------+--------+--------+--------+--------+-----+--------+

Top non-repeatable levels by time:
     D:7: 1774 daAuts
     D:5: 1619 daAuts
     D:1: 1416 daAuts
     D:4: 1245 daAuts
     D:3: 1041 daAuts
     D:6: 1019 daAuts
     D:2: 831 daAuts
 Ossuary: 749 daAuts
     D:8: 529 daAuts
  Temple: 19 daAuts
     D:9: 3 daAuts
